 Dungeon Crawl Stone Soup version 0.31-a0-150-g89dc3ad700 (webtiles) character file.

Game seed: 14434991323534933589

347 qw the Shooter (level 6, -6/52 HPs)
             Began as a Minotaur Hunter on June 8, 2023.
             Was an Initiate of Okawaru.
             Mangled by an ogre
             ... wielding a +0 giant spiked club
              (34 damage)
             ... on level 4 of the Dungeon.
             The game lasted 00:00:56 (2743 turns).

qw the Shooter (Minotaur Hunter)                    Turns: 2743, Time: 00:00:56

Health: -6/52      AC:  6    Str: 16    XL:     6   Next: 32%
Magic:  5/5        EV: 11    Int:  6    God:    Okawaru [......]
Gold:   155        SH:  0    Dex: 15    Spells: 5/5 levels left

rFire   . . .        Y - +0 shortbow
rCold   . . .        (shield currently unavailable)
rNeg    . . .        i - +0 ring mail
rPois   .            (helmet restricted)
rElec   .            (no cloak)
rCorr   .            (no gloves)
SInv    .            g - +0 pair of boots
Will    +....        (no amulet)
Stlth   +            b - ring of willpower
HPRegen 0.28/turn    (no ring)
MPRegen 0.09/turn

%: no passive effects
@: no status effects
A: horns 2, retaliatory headbutt
a: Renounce Religion


You were on level 4 of the Dungeon.
You worshipped Okawaru.
Okawaru was noncommittal.
You visited 1 branch of the dungeon, and saw 4 of its levels.

You collected 155 gold pieces.


Innate Abilities, Weirdness & Mutations

You have a pair of horns on your head.
You reflexively headbutt those who attack you in melee.


   Skills:
 - Level 4.0 Fighting
 + Level 7.5 Ranged Weapons
 - Level 2.2 Armour
 - Level 2.1 Dodging
 - Level 0.7 Stealth


You had 5 spell levels left.
You didn't know any spells.
Your spell library was empty.

Inventory:

Hand Weapons
 Y - a +0 shortbow (weapon)
Armour
 g - a +0 pair of boots (worn)
 i - a +0 ring mail (worn)
Jewellery
 b - a ring of willpower (left hand)
Scrolls
 a - 2 scrolls of identify
 c - a scroll of summoning {unknown}
Potions
 d - a potion of curing
 e - a potion of might
 f - a potion of cancellation {unknown}
 h - a potion of haste {unknown}

Dungeon Overview and Level Annotations

Branches:
Dungeon (4/15)
 Temple: D:4-7

Altars:
Kikubaaqudgha
Okawaru

Shops:
D:2 (


Message History

You now have 155 gold pieces (gained 11).
Found a club.
Enter note:
Found a stone staircase leading up.
Enter note:
Enter note:
Enter note:
Enter note: A dart slug comes into view.
Enter note:
Enter note:
Enter note:
Enter note: You shoot an arrow.
The arrow hits the dart slug!
The dart slug is severely wounded.
You shoot an arrow. The arrow hits the dart slug.
You kill the dart slug!
Okawaru accepts your kill.
An ogre comes into view. It is wielding a +0 giant spiked club.
Found a puce potion.
The ogre shouts!
You hear a shout! x2
A hobgoblin comes into view.
A goblin comes into view. It is wielding a +0 dagger.
Enter note:
Enter note:
Enter note:
Enter note: You shoot an arrow.
The arrow hits the ogre!
The ogre is moderately wounded.
The ogre hits you with a +0 giant spiked club!
You shoot an arrow.
The arrow hits the ogre but does no damage.
The ogre is moderately wounded.
A hobgoblin comes into view.
The ogre hits you with a +0 giant spiked club!
You shoot an arrow. The arrow hits the ogre.
The ogre is moderately wounded.
The ogre hits you with a +0 giant spiked club!!
Ouch! That really hurt!
You die...

+..............###.....
#....#########.# #.....
#..............###.....
#......#####...'.....##
#.........######..
###.........##.....#
#...........##.###.#
#..........##.###.#
#.@...............#
.....gO####.####.#.#....
#####.. #.# #.#.#.###
...g #.# #.#.#.# .....
#.# #.#.#.# ....... ###
#.....# .....g. ...
....... ....... ###
#.....# #.# <...


You could see an ogre, 2 hobgoblins and a goblin.

Vanquished Creatures
  2 scorpions (D:4)
  An orc priest (D:3)
  An orc wizard (D:3)
  6 gnolls
  3 adders
  A worm (D:2)
  A dart slug (D:4)
  13 orcs (D:3)
  5 endoplasms
  3 giant cockroaches
  6 goblins
  8 hobgoblins
  2 jackals (D:1)
  4 quokkas
  5 ball pythons
  4 bats
  6 frilled lizards
  4 kobolds
  2 rats
77 creatures vanquished.

Notes
Turn   | Place    | Note
-------+----------+-------------------------------------------
     0 | D:1      | qw the Minotaur Hunter began the quest for the Orb.
     0 | D:1      | Reached XP level 1. HP: 18/18 MP: 0/0
     0 | D:1      | 0 ||| qw: Version: 0.2-a-119-g7aa9181
     0 | D:1      | 0 ||| qw: Game counter: 2769
     0 | D:1      | 0 ||| qw: Always use a shield: true
     0 | D:1      | 0 ||| qw: God list: Okawaru
     0 | D:1      | 0 ||| qw: Allow faded altars: false
     0 | D:1      | 0 ||| qw: Do Orc after D:15 true
     0 | D:1      | 0 ||| qw: Do second Lair branch before Depths: true
     0 | D:1      | 0 ||| qw: Lair rune preference: random
     0 | D:1      | 0 ||| qw: Plans: Normal
     0 | D:1      | 0 ||| PLANNING D:1-11
   142 | D:1      | Reached skill level 5 in Ranged Weapons
   142 | D:1      | Reached XP level 2. HP: 25/25 MP: 1/1
   333 | D:1      | Reached skill level 3 in Fighting
   418 | D:1      | Reached XP level 3. HP: 27/31 MP: 2/2
   892 | D:1      | 892 ||| DROPPING scroll of butterflies.
   962 | D:2      | Found Mumadac's Antique Weapon Shoppe.
   966 | D:2      | Found an ancient bone altar of Kikubaaqudgha.
  1584 | D:2      | 1584 ||| UPGRADING to +0 ring mail.
  1594 | D:2      | 1594 ||| DROPPING +0 leather armour.
  1595 | D:2      | 1595 ||| DROPPING ring of magical power.
  1596 | D:2      | 1596 ||| READING 3 scrolls labelled GYANYV HULAEXT.
  1597 | D:2      | 1597 ||| READING 2 scrolls of identify.
  1597 | D:2      | 1597 ||| IDENTIFYING coppery potion
  1598 | D:2      | 1598 ||| DROPPING potion of berserk rage.
  1774 | D:3      | 1774 ||| Stepping ~*~*~tactically~*~*~ (outnumbered).
  1781 | D:3      | Reached XP level 4. HP: 32/38 MP: 3/3
  1808 | D:3      | Reached skill level 6 in Ranged Weapons
  2000 | D:3      | Reached XP level 5. HP: 44/45 MP: 4/4
  2077 | D:3      | Found an iron altar of Okawaru.
  2078 | D:3      | 2078 ||| PLANNING OKAWARU WORSHIP
  2078 | D:3      | 2078 ||| UPGRADING to +0 pair of boots.
  2083 | D:3      | 2083 ||| READING scroll labelled WYFEAGHO GATWI.
  2164 | D:3      | 2164 ||| READING scroll labelled LOR GIARCHAIPH.
  2165 | D:3      | 2165 ||| DRINKING 2 viscous yellow potions.
  2166 | D:3      | 2166 ||| READING 2 scrolls of identify.
  2166 | D:3      | 2166 ||| IDENTIFYING inky potion
  2174 | D:3      | Became a worshipper of Warmaster Okawaru
  2174 | D:3      | 2174 ||| PLANNING D:1-11
  2454 | D:3      | 2454 ||| UPGRADING to ring of willpower.
  2573 | D:4      | 2573 ||| Stepping ~*~*~tactically~*~*~ (outnumbered).
  2583 | D:4      | Reached skill level 7 in Ranged Weapons
  2587 | D:4      | Reached XP level 6. HP: 37/52 MP: 5/5
  2743 | D:4      | Mangled by an ogre

Levels and vault maps discovered:
D:1:      minmay_arrival_diagonal_passages, layout_basic
D:2:      layout_loops_ring, serial_shops, shop, basic_altar,
          minmay_misc_feat_chi
D:3:      layout_loops_ring, okawaru_altar_gauntlet_db
D:4:      layout_basic, serial_co_window_serial, co_window_paths_a,
          co_window_cross_1, co_window_paths_a, co_window_corner_a,
          co_window_paths_a, co_window_corner_cb, co_window_of_opportunity_b,
          co_window_corner_b, glass_columns_c, uniq_sigmund

Skill      XL: |  1  2  3  4  5 |
---------------+----------------+-----
Ranged Weapons | 5 6 7 |  7.5
Fighting       | 3 4 |  4.0
Armour         | 2 |  2.2
Dodging        | |  2.1
Stealth        | |  0.7

Action                     |  1- 3 |  4- 6 || total
---------------------------+-------+-------++-------
   Fire: Shortbow          |   121 |   100 ||   221
    Use: Scroll            |     2 |     3 ||     5
         Potion            |       |     1 ||     1
 Armour: Leather armour    |     8 |       ||     8
         Ring mail         |       |    11 ||    11
  Dodge: Dodged            |    25 |    32 ||    57

Table legend:
 A = Non-vault XP
 B = Vault XP
 C = Vault XP percentage of total XP
 D = Non-vault monster count
 E = Vault monster count
 F = Vault count percentage of total count
                 A         B        C        D         E       F
            +---------+---------+-------+---------+---------+-------
      Total |     470 |      26 |   5.2 |      71 |       6 |   7.8
            +---------+---------+-------+---------+---------+-------
        D:1 |      50 |       0 |   0.0 |      23 |       0 |   0.0
        D:2 |      36 |       0 |   0.0 |      14 |       0 |   0.0
        D:3 |     136 |      26 |  16.0 |      22 |       6 |  21.4
        D:4 |     248 |       0 |   0.0 |      12 |       0 |   0.0
            +---------+---------+-------+---------+---------+-------
